AoeStats
← Noroad

Arabia

509563349Analyzed
1v1 RM · 5d ago on Sep 27, 2026· 26m 19s· 2 players
Game mode
Random Map
Map size
Tiny (2 player)
Population
200
Speed
Normal
Resources
Standard
Victory
Conquest
Starting age
Dark Age
Ending age
Imperial Age
RankedLock teamsTeams togetherTeam positionsShared explorationLock speedFull tech treeHidden civsTurbo modeCheats
Victory
Defeat
🇪🇸 Wei · Spain
1323
+19
🇨🇳 Danes · China
1389
-19
ryzenvelos
6:38 Loom
9:11 Feudal Age
9:56 Double-Bit Axe
13:14 Wheelbarrow
15:23 Horse Collar
19:34 Castle Age
17:21 Town Watch
17:45 Gold Mining
18:04 Fletching
20:00 Bloodlines
20:26 Bodkin Arrow
20:43 Bow Saw
21:53 Husbandry
22:30 Hand Cart
23:01 Padded Archer Armor
26:44 Leather Archer Armor
Noroad
5:43 Loom
8:49 Feudal Age
9:23 Double-Bit Axe
13:39 Scale Mail Armor
15:50 Wheelbarrow
17:41 Arson
21:43 Castle Age
20:35 Fletching
21:12 Padded Archer Armor
20:53 Horse Collar
21:07 Gold Mining
21:59 Elite Skirmisher
24:20 Bodkin Arrow
24:42 Leather Archer Armor
Connection lost

Rejoining the realm…

Still unreachable

The connection could not be restored.

Session expired

The server has moved on; the page needs a fresh start.